 Dungeon Crawl Stone Soup version 0.31-a0-435-g2c6fae2916 (webtiles) character file.

Game seed: 10361605771997024151

41 HallandMoats the Trooper (level 3, -4/29 HPs)
             Began as a Demonspawn Fighter on Aug 2, 2023.
             Slain by a gnoll
             ... wielding a +0 spear
              (6 damage)
             ... on level 2 of the Dungeon.
             The game lasted 00:01:56 (980 turns).

HallandMoats the Trooper (Demonspawn Fighter)        Turns: 980, Time: 00:01:58

Health: -4/29      AC:  5    Str: 16    XL:     3   Next: 32%
Magic:  5/5        EV: 10    Int: 11    God:
Gold:   64         SH:  4    Dex: 12    Spells: 2/2 levels left

rFire   + + .        a - +0 war axe
rCold   . . .        c - +0 buckler
rNeg    . . .        j - +1 leather armour {rF+}
rPois   .            (no helmet)
rElec   .            (no cloak)
rCorr   .            (no gloves)
SInv    .            (no boots)
Will    .....        (no amulet)
Stlth   +            i - ring of protection from fire
HPRegen 0.24/turn    (no ring)
MPRegen 0.09/turn

%: no passive effects
@: no status effects
A: sharp scales 1
a: no special abilities


You were on level 2 of the Dungeon.
You visited 1 branch of the dungeon, and saw 2 of its levels.

You collected 64 gold pieces.

Inventory:

Hand Weapons
 a - a +0 war axe (weapon)
Armour
 c - a +0 buckler (worn)
 j - a +1 leather armour of fire resistance (worn)
Jewellery
 i - a ring of protection from fire (left hand)
Scrolls
 b - a scroll of vulnerability {unknown}
 e - 3 scrolls of identify {unknown}
 h - a scroll of amnesia {unknown}
Potions
 d - a potion of might
 f - a potion of resistance {unknown}
 g - a potion of curing {unknown}


   Skills:
 + Level 3.3 Fighting
 + Level 2.2 Axes
 - Level 2.7 Armour
 - Level 2.7 Shields
 * Level 2.7 Invocations


You had 2 spell levels left.
You didn't know any spells.
Your spell library was empty.

Dungeon Overview and Level Annotations

Branches:
Dungeon (2/15)

Altars:


Innate Abilities, Weirdness & Mutations

You are partially covered in razor-sharp scales. (AC +1, Slay +1)


Message History

j - a +1 leather armour of fire resistance You start removing your armour.
You continue taking off your +0 scale mail. x4
You finish taking off your +0 scale mail.
You start putting on your armour.
You continue putting on your +1 leather armour of fire resistance.
Magic restored.
You continue putting on your +1 leather armour of fire resistance. x4
You finish putting on your +1 leather armour of fire resistance.
You feel resistant to fire.
i - a ring of protection from fire (left hand) Unknown command.
You drop a +0 scale mail.
b - a scroll labelled ECOJEA XAFOTO An endoplasm and a rat come into view.
There are monsters nearby!
There are monsters nearby!
There are monsters nearby!
The endoplasm quivers.
You hit the rat.
You kill the rat!
You slash the endoplasm!
You kill the endoplasm!
You see here a rat corpse. 3 gnolls come into view.
The gnoll shouts! x3
There are monsters nearby!
There are monsters nearby!
There are monsters nearby!
Found 7 gold pieces.
The gnoll hits you with a +0 flail!
You barely miss the gnoll.
The gnoll hits you from afar with a +0 halberd!
The gnoll hits you with a +0 flail. The gnoll closely misses you.
You closely miss the gnoll. You slash the gnoll! The gnoll closely misses you.
The gnoll hits you with a +0 flail.
* * * LOW HITPOINT WARNING * * *
The gnoll hits you with a +0 spear.
* * * LOW HITPOINT WARNING * * *
The gnoll hits you with a +0 spear.
You die...

#............##
. #..........##
#####.#.###
#.#.# #..†#
#..## ..#####.##
#.......###
###....g@.#
#........g......
........g.......
..#.............
. #|............
#.............
#...........$.
#.............


You could see 3 gnolls.

Vanquished Creatures
  5 ball pythons
  7 bats
  2 endoplasms
  2 giant cockroaches
  6 goblins
  4 hobgoblins
  3 quokkas
  A frilled lizard (D:1)
  3 kobolds
  A rat (D:2)
34 creatures vanquished.

Notes
Turn   | Place    | Note
-------+----------+-------------------------------------------
     0 | D:1      | HallandMoats the Demonspawn Fighter began the quest for the
                  | Orb.
     0 | D:1      | Reached XP level 1. HP: 18/18 MP: 1/1
   162 | D:1      | Reached skill level 1 in Invocations
   225 | D:1      | Gained mutation: You are partially covered in razor-sharp
                  | scales. (AC +1, Slay +1) [demonic ancestry]
   225 | D:1      | Reached XP level 2. HP: 24/24 MP: 1/3
   629 | D:1      | Reached XP level 3. HP: 29/29 MP: 4/4
   980 | D:2      | Slain by a gnoll

Illustrated notes

Levels and vault maps discovered:
D:1:      heliophobic_arrival_henge, layout_loops_cross, minmay_misc_feat_tower
D:2:      layout_rooms, serial_shops, nicolae_shop_behind_doors,
          minmay_box_of_dots, uniq_robin

Skill      XL: |  1  2 |
---------------+-------+-----
Invocations    | 1 2 |  2.7
Axes           | 2 |  2.2
Fighting       | |  3.3
Armour         | |  2.7
Shields        | |  2.7

Action                     || total
---------------------------++-------
  Melee: War axe           ||    98
 Armour: Scale mail        ||    73
  Dodge: Dodged            ||    57
  Block: Buckler           ||    35

Table legend: (Time is in decaauts)
 A = Elapsed time spent in this place.
 B = Non-inter-level travel time spent in this place.
 C = Inter-level travel time spent in this place.
 D = Time resting spent in this place.
 E = Time spent auto-exploring this place.
 F = Levels seen in this place.
 G = Mean time per level.
                   A        B        C        D        E       F      G
               +--------+--------+--------+--------+--------+-----+--------+
         Total |   1022 |   1008 |     14 |      9 |    668 |   2 |  511.0 |
       Dungeon |   1022 |   1008 |     14 |      9 |    668 |   2 |  511.0 |
               +--------+--------+--------+--------+--------+-----+--------+

Top non-repeatable levels by time:
     D:1: 834 daAuts
     D:2: 187 daAuts
